 Dungeon Crawl Stone Soup version 0.29-a0-337-g68df138881 (webtiles) character file.

Game seed: 6182848535737299052

241 Deadscale the Shooter (level 5, -4/42 HPs)
             Began as a Minotaur Hunter on Apr 17, 2022.
             Shot with an arrow by a centaur (7 damage)
             ... on level 5 of the Dungeon.
             The game lasted 00:04:38 (3461 turns).

Deadscale the Shooter (Minotaur Hunter)             Turns: 3461, Time: 00:04:39

Health: -4/42      AC:  7    Str: 17    XL:     5   Next: 80%
Magic:  4/4        EV: 10    Int:  6    God:
Gold:   269        SH:  5    Dex: 14    Spells: 4/4 levels left

rFire   . . .      SeeInvis .   a - +1 shortbow
rCold   . . .      Faith    .   (shield currently unavailable)
rNeg    . . .      Spirit   .   p - +0 scale mail
rPois   .          Reflect  +   (helmet restricted)
rElec   .          Harm     .   (no cloak)
rCorr   .          Rampage  .   h - +0 pair of gloves
Will    .....                   (no boots)
Stlth   ..........              v - amulet of reflection
HPRegen 0.14/turn               (no ring)
MPRegen 0.09/turn               (no ring)

@: no status effects
A: horns 2, retaliatory headbutt
a: no special abilities


You were on level 5 of the Dungeon.
You visited 1 branch of the dungeon, and saw 5 of its levels.

You collected 269 gold pieces.


Innate Abilities, Weirdness & Mutations

You have a pair of horns on your head.
You reflexively headbutt those who attack you in melee.


   Skills:
 - Level 2.4 Fighting
 + Level 7.8 Bows
 - Level 2.1 Dodging
 - Level 0.7 Stealth


You had 4 spell levels left.
You didn't know any spells.
Your spell library was empty.

Inventory:

Hand Weapons
 a - a +1 shortbow (weapon)
Missiles
 f - 247 stones
 i - 6 poisoned darts
 y - a throwing net {=f!f}
 A - 5 javelins
Armour
 b - a +0 leather armour
 h - a +0 pair of gloves (worn)
   (You found it on level 1 of the Dungeon)
 o - a +0 plate armour
   (You found it on level 1 of the Dungeon)
 p - a +0 scale mail (worn)
   (You found it on level 1 of the Dungeon)
 q - a +0 robe
   (You took it off Jessica on level 2 of the Dungeon)
 r - a +0 ring mail
   (You found it on level 2 of the Dungeon)
 w - a +0 ring mail
   (You found it on level 3 of the Dungeon)
 E - a +0 ring mail
   (You found it on level 4 of the Dungeon)
Magical Staves
 D - a staff of poison {!a}
   (You found it on level 4 of the Dungeon)
Jewellery
 v - an amulet of reflection (around neck)
   (You found it on level 3 of the Dungeon)
 T - an amulet of faith {!P}
   (You found it on level 3 of the Dungeon)
 W - a ring of magical power
   (You found it on level 4 of the Dungeon)
Wands
 x - a wand of acid (13)
   (You found it on level 3 of the Dungeon)
 F - a wand of iceblast (7)
   (You found it on level 4 of the Dungeon)
Scrolls
 c - 3 scrolls of immolation {!r!r}
 d - a scroll of enchant weapon {unknown}
 e - 3 scrolls of enchant armour {unknown}
 j - 4 scrolls of identify {unknown}
 k - 2 scrolls of holy word {unknown}
 l - a scroll of summoning {unknown}
 u - a scroll of blinking {unknown}
 B - a scroll of teleportation {unknown}
Potions
 g - a potion of brilliance {unknown}
 m - a potion of haste {unknown}
 n - 3 potions of magic {unknown}
 s - 2 potions of curing {@q1}
 t - 2 potions of invisibility {unknown}
 z - a potion of flight {unknown}
 C - a potion of ambrosia {unknown}

Dungeon Overview and Level Annotations

Branches:
Dungeon (5/15)
 Temple: D:4-7

Altars:
Dithmenos
Vehumet

Annotations:
D:5 1 runed translucent door, Jortsu's ghost, novice HOFi

........# #.#.# ..(.....#
#.#.# ..# ......โ€ .# #.#.##
... ....)...# #....#####....
........# #.#.#.......
........####...#.##..#
.......<.........#...#.......
........#######........O.....
........# ##.@......c.....
##....### #...###.#.......
...###########...###.#.......
######........รท...#.........#
....#..########..........$(..
.....................<# ..
.............###......#....
.........<..###........#
....................#...#


You could see an ogre (wandering) and a centaur.


Message History

The arrow hits the adder but does no damage.
You feel sick.
You block the adder's attack. ๐Ÿ˜• HP[-4]
You take 4 damage, and now have 38/42 hp.
You shoot an arrow. The arrow hits the adder.
You kill the adder!
You feel sick.
No target in view!
No target in view!
Unknown command. ๐Ÿ˜• HP[-1]
You take 1 damage, and now have 37/42 hp.
No target in view!
No target in view!
No target in view!
No target in view!
You feel sick.
You are no longer poisoned.
Found a stone staircase leading up.
You see here an adder corpse. ๐Ÿ˜Ž HP[+5]
Your hp is fully restored (42).
A centaur comes into view.
The centaur wields a +0 shortbow.
The centaur shoots an arrow.
The arrow hits you! ๐Ÿ˜• HP[-8]
You take 8 damage, and now have 34/42 hp.
A centaur is nearby!
A centaur is nearby!
You shoot an arrow. The arrow hits the centaur.
The centaur shoots an arrow.
The arrow hits you!
The centaur shoots an arrow.
The arrow hits you!
* * * LOW HITPOINT WARNING * * *
๐Ÿ˜จ HP[-19]
You take 19 damage, and now have 15/42 hp.
MASSIVE DAMAGE!! (PAUSE)
You are too injured to fight recklessly!
You are too injured to fight recklessly!
You are too injured to fight recklessly!
The centaur shoots an arrow.
You reflect the arrow off an invisible shield around you!
The arrow hits the centaur!
There is a stone staircase leading up here.
The centaur shoots an arrow.
The arrow closely misses you.
The centaur shoots an arrow.
The arrow barely misses you.
You climb upwards.
There is a stone staircase leading down here. ๐Ÿ˜จ HP[+1] Key pressed, stopping explore.
Done exploring. ๐Ÿ˜Ž HP[+26]
Your hp is fully restored (42).
Done exploring.
There is an escape hatch in the ceiling here.
There is a stone staircase leading down here.
You climb downwards.
Level annotation: 1 runed translucent door, Jortsu's ghost, novice HOFi The jackal barks!
There is a stone staircase leading up here.
A jackal is nearby!
You shoot an arrow. The arrow hits the jackal!
You kill the jackal!
No target in view!
No target in view!
No target in view!
The centaur shouts!
The centaur shoots an arrow.
The arrow hits you. ๐Ÿ˜• HP[-3]
You take 3 damage, and now have 39/42 hp.
You shoot an arrow. The arrow barely misses the centaur.
The centaur shoots an arrow.
The arrow hits you but does no damage.
The centaur shoots an arrow.
The arrow hits you.
You shoot an arrow. The arrow barely misses the centaur.
The centaur shoots an arrow.
The arrow closely misses you.
The centaur shoots an arrow.
The arrow hits you!
You are too injured to fight recklessly!
You are too injured to fight recklessly! ๐Ÿ˜ฎ HP[-13]
You take 13 damage, and now have 26/42 hp.
MASSIVE DAMAGE!! (PAUSE) Shoot: a) +1 shortbow
Press: ? - help, Shift-Dir - straight line, f/p - centaur
Aim: a centaur, wielding a +0 shortbow (74% to hit)
You shoot an arrow.
The arrow hits the centaur but does no damage.
The centaur shoots an arrow.
The arrow hits you.
* * * LOW HITPOINT WARNING * * *
The centaur shoots an arrow.
The arrow hits you.
* * * LOW HITPOINT WARNING * * *
๐Ÿ˜จ HP[-12]
You take 12 damage, and now have 14/42 hp.
MASSIVE DAMAGE!! (PAUSE) Shoot: a) +1 shortbow
Press: ? - help, Shift-Dir - straight line, f/p - centaur
Aim: a centaur, wielding a +0 shortbow (74% to hit)
You shoot an arrow. The arrow barely misses the centaur.
The centaur shoots an arrow.
The arrow hits you!
* * * LOW HITPOINT WARNING * * *
An ogre comes into view. It is wielding a +0 giant club.
The centaur shoots an arrow.
The arrow hits you!
You die...

Skill      XL: |  1  2  3  4 |
---------------+-------------+-----
Bows           | 5 6 7 |  7.8
Fighting       | |  2.4
Dodging        | |  2.1
Stealth        | |  0.7

Action                   |  1- 3 |  4- 6 || total
-------------------------+-------+-------++-------
 Fire: Shortbow          |    75 |   155 ||   230
  Use: Potion            |       |     1 ||     1
Armor: Leather armour    |     3 |       ||     3
       Scale mail        |     1 |    29 ||    30
Dodge: Dodged            |     9 |    32 ||    41
Block: Other             |       |    13 ||    13
       Reflection        |       |     2 ||     2

Levels and vault maps discovered:
D:1:      dpeg_arrival_morbid_curiosity, layout_basic, minivault_26,
          moated_statue
D:2:      layout_basic, ebering_ecumenical_altar_rust,
          dreamdust_princess_corridor, grunt_decor_junction, uniq_jessica
D:3:      layout_basic
D:4:      layout_basic, nicolae_overflow_crystal_walls, grunt_dithmenos_smoke,
          kennysheep_generic_room_12
D:5:      layout_rooms, ebering_ghost_sewer_d, uniq_edmund

Notes
Turn   | Place    | Note
-------+----------+-------------------------------------------
     0 | D:1      | Deadscale the Minotaur Hunter began the quest for the Orb.
     0 | D:1      | Reached XP level 1. HP: 18/18 MP: 0/0
     0 | D:1      | magus.rc [v1.11.3]
   409 | D:1      | Reached XP level 2. HP: 25/25 MP: 1/1
   416 | D:1      | Reached skill level 5 in Bows
   450 | D:1      | HP: 5/25 [gnoll/+0 club (4)]
   780 | D:1      | Reached XP level 3. HP: 30/30 MP: 2/2
  1122 | D:2      | Noticed Jessica
  1130 | D:2      | Killed Jessica
  1131 | D:2      | Reached skill level 6 in Bows
  1131 | D:2      | Reached XP level 4. HP: 37/37 MP: 3/3
  1691 | D:2      | Found a faded altar of an unknown god.
  2418 | D:4      | Noticed a scorpion
  2424 | D:4      | Killed a scorpion
  2425 | D:4      | Reached skill level 7 in Bows
  2425 | D:4      | Reached XP level 5. HP: 36/42 MP: 4/4
  2605 | D:4      | HP: 8/42 [gnoll/+0 flail (7)]
  2904 | D:4      | Found a radiant altar of Vehumet.
  2988 | D:4      | Found a shadowy altar of Dithmenos.
  3101 | D:5      | Entered Level 5 of the Dungeon
  3127 | D:5      | Found a runed translucent door.
  3130 | D:5      | Noticed Jortsu's ghost (novice HOFi)
  3211 | D:5      | Noticed a centaur
  3461 | D:5      | HP: 3/42 [centaur/arrow (11)]
  3461 | D:5      | Noticed an ogre
  3461 | D:5      | Shot with an arrow by a centaur

Vanquished Creatures
  A scorpion (D:4)
  Jessica (D:2)
  4 gnolls
  4 adders
  2 worms
  3 dart slugs
  An orc (D:4)
  6 ball pythons
  7 endoplasms
  2 giant cockroaches
  7 goblins
  9 hobgoblins
  A jackal (D:5)
  2 quokkas (D:1)
  5 bats
  A frilled lizard (D:2)
  9 kobolds
  9 rats
74 creatures vanquished.

Table legend:
 A = Non-vault XP
 B = Vault XP
 C = Vault XP percentage of total XP
 D = Non-vault monster count
 E = Vault monster count
 F = Vault count percentage of total count
                 A         B        C        D         E       F
            +---------+---------+-------+---------+---------+-------
      Total |     299 |      46 |  13.3 |      68 |       6 |   8.1
            +---------+---------+-------+---------+---------+-------
        D:1 |      52 |       9 |  14.8 |      24 |       5 |  17.2
        D:2 |      25 |      37 |  59.7 |      15 |       1 |   6.2
        D:3 |      35 |       0 |   0.0 |      13 |       0 |   0.0
        D:4 |     172 |       0 |   0.0 |      14 |       0 |   0.0
        D:5 |      15 |       0 |   0.0 |       2 |       0 |   0.0
            +---------+---------+-------+---------+---------+-------

Illustrated notes

Table legend:
 A = Kills in this place as a percentage of kills in entire the game.
 B = Kills by you in this place as a percentage of kills by you in the entire game.
 C = Kills by friends in this place as a percentage of kills by friends in the entire game.
 D = Other kills in this place as a percentage of other kills in the entire game.
 E = Experience gained in this place as a percentage of experience gained in the entire game.
 F = Experience gained in this place divided by the number of levels of this place that you have seen.
                   A       B       C       D       E      F
               +-------+-------+-------+-------+-------+----------------------
         Total | 100.0 | 100.0 |   N/A |   N/A | 100.0 |  69.0
       Dungeon | 100.0 | 100.0 |   N/A |   N/A | 100.0 |  69.0
               +-------+-------+-------+-------+-------+----------------------

Table legend: (Time is in decaauts)
 A = Elapsed time spent in this place.
 B = Non-inter-level travel time spent in this place.
 C = Inter-level travel time spent in this place.
 D = Time resting spent in this place.
 E = Time spent auto-exploring this place.
 F = Levels seen in this place.
 G = Mean time per level.
                   A        B        C        D        E       F      G
               +--------+--------+--------+--------+--------+-----+--------+
         Total |   3538 |   3376 |    162 |      0 |   2890 |   5 |  707.6 |
       Dungeon |   3538 |   3376 |    162 |      0 |   2890 |   5 |  707.6 |
               +--------+--------+--------+--------+--------+-----+--------+

Top non-repeatable levels by time:
     D:1: 1085 daAuts
     D:4: 980 daAuts
     D:2: 897 daAuts
     D:3: 441 daAuts
     D:5: 133 daAuts
